 Dungeon Crawl Stone Soup version 0.31.0-32-g396128a36d (webtiles) character file.

Game seed: 7896880439817350408

293 Fodor the Chopper (level 6, -3/55 HPs)
             Began as a Minotaur Fighter on Apr 10, 2024.
             Slain by an ogre
             ... wielding a +0 giant spiked club
              (20 damage)
             ... on level 4 of the Dungeon.
             The game lasted 00:06:36 (2123 turns).

Fodor the Chopper (Minotaur Fighter)                Turns: 2123, Time: 00:06:37

Health: -3/55      AC: 19    Str: 22    XL:     6   Next: 11%
Magic:  5/5        EV:  7    Int:  4    God:
Gold:   150        SH:  5    Dex: 13    Spells: 5/5 levels left

rFire   . . .        a - +0 war axe
rCold   + . .        c - +0 buckler
rNeg    . . .        r - +3 plate armour
rPois   .            m - +0 hat
rElec   .            (no cloak)
rCorr   .            (no gloves)
SInv    .            (no boots)
Will    .....        (no amulet) Stlth
                     n - +4 ring of protection
HPRegen 0.29/turn    (no ring)
MPRegen 0.09/turn

%: no passive effects
@: mighty
A: horns 2, retaliatory headbutt, agile 1, cold resistance 1, wild magic 1,
sturdy frame 1
a: no special abilities


You were on level 4 of the Dungeon.
You visited 1 branch of the dungeon, and saw 4 of its levels.

You collected 150 gold pieces.

Inventory:

Hand Weapons
 a - a +0 war axe (weapon)
Armour
 c - a +0 buckler (worn)
 m - a +0 hat (worn)
 r - a +3 plate armour (worn)
Jewellery
 n - a +4 ring of protection (left hand)
 p - a ring of wizardry
Scrolls
 f - a scroll of teleportation {unknown}
 g - a scroll of poison {unknown}
 j - 2 scrolls of vulnerability {unknown}
 k - 3 scrolls of identify {unknown}
 l - a scroll of enchant armour {unknown}
 o - a scroll of brand weapon {unknown}
Potions
 d - a potion of might
 e - 2 potions of berserk rage
 h - a potion of ambrosia {unknown}
 i - a potion of magic {unknown}
 q - a potion of degeneration {unknown}


   Skills:
 + Level 4.8 Fighting
 + Level 5.6 Axes
 + Level 4.9 Armour
 + Level 0.8 Dodging
 + Level 4.3 Shields


You had 5 spell levels left.
You didn't know any spells.
Your spell library contained the following spells:

 Spells                   Type           Power      Damage    Failure   Level
 Kiss of Death            Conj/Necr      0%         2d5       100%        1
 Confusing Touch          Hex            0%         N/A       100%        3
 Dispel Undead            Necr           0%         3d6       100%        4


Dungeon Overview and Level Annotations

Branches:
Dungeon (4/15)
 Temple: D:4-7

Altars:


Innate Abilities, Weirdness & Mutations

You have a pair of horns on your head.
You reflexively headbutt those who attack you in melee.
You are agile. (Dex +4, Str/Int -1)
Your flesh is cold resistant. (rC+)
Your spells are a little harder to cast, but a little more powerful.
Your movements are slightly less encumbered by armour. (ER -2)


Message History

You now have 150 gold pieces (gained 2).
HP restored.
You open the door. You open the door.
Found a stone staircase leading down.
There is an open door here.
There is a stone staircase leading down here.
A goblin comes into view. It is wielding a +0 club.
Found a robe.
The goblin shouts!
The goblin hits you but does no damage.
You slash the goblin!
You kill the goblin!
Things that are here:
a +0 club; a goblin corpse You open the door.
There is an open door here.
An adder comes into view.
The adder hisses angrily.
The adder moves out of view.
You slash the adder! You headbutt the adder.
You kill the adder!
Found a coppery potion.
You see here an adder corpse.
An ogre comes into view. It is wielding a +0 giant spiked club.
The ogre shouts!
You see here a coppery potion.
The ogre barely misses you.
You barely miss the ogre.
The ogre hits you with a +0 giant spiked club!!
You barely miss the ogre. The ogre closely misses you.
You barely miss the ogre.
The ogre hits you with a +0 giant spiked club!
* * * LOW HITPOINT WARNING * * *
You slash the ogre!
The ogre is moderately wounded.
Unknown command.
You feel very mighty all of a sudden.
The ogre hits you with a +0 giant spiked club!!
You die...

#....#########..#
#....# +.......#
#....# #...†...#
#....# ##..##..#
#....#####..##..#
#......#...#
#......+...#
#.....!#...+
#.....@# ..#
#####.O# #..#
...# ....# ######


You could see an ogre.

Vanquished Creatures
  2 orc priests (D:4)
  3 orc wizards
  4 gnolls (D:3)
  4 adders
  A dart slug (D:2)
  4 ribbon worms
  5 orcs
  5 bats
  6 endoplasms
  5 giant cockroaches
  7 goblins
  6 hobgoblins
  3 kobolds
  3 quokkas
  7 ball pythons
  3 frilled lizards (D:1)
  4 rats
72 creatures vanquished.

Notes
Turn   | Place    | Note
-------+----------+-------------------------------------------
     0 | D:1      | Fodor the Minotaur Fighter began the quest for the Orb.
     0 | D:1      | Reached XP level 1. HP: 19/19 MP: 0/0
   153 | D:1      | Reached XP level 2. HP: 27/27 MP: 1/1
   516 | D:2      | Reached XP level 3. HP: 33/33 MP: 2/2
   672 | D:2      | Found a faded altar of an unknown god.
   884 | D:2      | Gained mutation: You have hidden genetic potential. [potion
                  | of mutation]
   884 | D:2      | Gained mutation: Your movements are slightly less
                  | encumbered by armour. (ER -2) [potion of mutation]
   884 | D:2      | Gained mutation: You are agile. (Dex +4, Str/Int -1)
                  | [potion of mutation]
   888 | D:2      | Reached skill level 3 in Axes
   888 | D:2      | Reached XP level 4. HP: 13/41 MP: 3/3
  1204 | D:3      | Gained mutation: Your flesh is cold resistant. (rC+)
                  | [hidden potential]
  1297 | D:3      | Reached skill level 4 in Axes
  1303 | D:3      | Reached XP level 5. HP: 28/47 MP: 4/4
  1604 | D:3      | Gained mutation: Your spells are a little harder to cast,
                  | but a little more powerful. [hidden potential]
  1604 | D:3      | Lost mutation: You have hidden genetic potential. [hidden
                  | potential expressed]
  1937 | D:4      | Reached skill level 5 in Axes
  1980 | D:4      | Reached XP level 6. HP: 33/55 MP: 5/5
  2123 | D:4      | Slain by an ogre

Illustrated notes

Levels and vault maps discovered:
D:1:      dpeg_arrival_round_a, layout_rooms
D:2:      layout_rooms, ebering_ecumenical_altar_box, serial_forest,
          infiniplex_forest_3_way, infiniplex_forest_end_double,
          infiniplex_forest_lined_room_, infiniplex_forest_lined_3_way,
          infiniplex_forest_lined_4_way, infiniplex_forest_corner_2,
          infiniplex_forest_lined_3_way
D:3:      layout_basic
D:4:      layout_gridville

Skill      XL: |  1  2  3  4  5 |
---------------+----------------+-----
Fighting       | 4 |  4.8
Armour         | 4 |  4.9
Shields        | 4 |  4.3
Axes           | 3 4 5 |  5.6
Dodging        | |  0.8

Action                     |  1- 3 |  4- 6 || total
---------------------------+-------+-------++-------
  Melee: War axe           |    79 |    85 ||   164
         Headbutt          |     9 |     5 ||    14
    Use: Potion            |     2 |     1 ||     3
 Armour: Scale mail        |    46 |    98 ||   144
         Plate armour      |       |     4 ||     4
  Dodge: Dodged            |    30 |    36 ||    66
  Block: Buckler           |    20 |    20 ||    40
